 Dungeon Crawl Stone Soup version 0.31-a0-640-g39d97e502b (webtiles) character file.

Game seed: 6590924579826330584

632 qw the Shooter (level 7, -4/44 HPs)
             Began as a Gargoyle Hunter on Aug 27, 2023.
             Slain by a gnoll
             ... wielding a +0 halberd
             ... led by a gnoll bouda
              (6 damage)
             ... on level 5 of the Dungeon.
             The game lasted 00:01:30 (3215 turns).

qw the Shooter (Gargoyle Hunter)                    Turns: 3215, Time: 00:01:31

Health: -4/44      AC: 10    Str: 15    XL:     7   Next: 49%
Magic:  7/7        EV: 12    Int:  9    God:
Gold:   193        SH:  0    Dex: 15    Spells: 6/6 levels left

rFire   . . .        Y - +2 shortbow
rCold   . . .        (shield currently unavailable)
rNeg    + . .        b - +2 animal skin
rPois   inf          a - +0 helmet
rElec   +            (no cloak)
rCorr   .            (no gloves)
SInv    .            e - +0 pair of boots
Will    .....        (no amulet)
Stlth   ++           (no ring)
HPRegen 0.27/turn    (no ring)
MPRegen 0.10/turn

%: no passive effects
@: no status effects
A: sickness immunity, AC +4, negative energy resistance 1, electricity
resistance, torment resistance 1, petrification resistance
a: no special abilities


You were on level 5 of the Dungeon.
You visited 1 branch of the dungeon, and saw 5 of its levels.

You collected 193 gold pieces.


Innate Abilities, Weirdness & Mutations

You are immune to sickness and miasma.
Your stone body is resilient. (AC +4)
You are immune to poison.
You resist negative energy. (rN+)
You are resistant to electric shocks. (rElec)
You are resistant to unholy torment.
You are immune to petrification.


   Skills:
 - Level 4.4 Fighting
 + Level 7.7 Ranged Weapons
 - Level 1.0 Armour
 - Level 2.2 Dodging
 - Level 1.1 Stealth


You had 6 spell levels left.
You didn't know any spells.
Your spell library was empty.

Inventory:

Hand Weapons
 Y - a +2 shortbow (weapon)
Armour
 a - a +0 helmet (worn)
 b - a +2 animal skin (worn)
 e - a +0 pair of boots (worn)
Scrolls
 h - a scroll of identify
Potions
 d - 2 potions of curing
 g - a potion of cancellation
 k - a potion of haste {unknown}

Dungeon Overview and Level Annotations

Branches:
Dungeon (5/15)
 Temple: D:4-7

Altars:
Vehumet


Message History

You shoot an arrow. The arrow hits the gnoll bouda.
You kill the gnoll bouda!
You shoot an arrow. The arrow barely misses the iguana.
The gnoll hits you from afar with a +0 halberd!
The iguana bites you!
3207 ||| DRINKING potion of heal wounds.
You feel much better.
The gnoll hits you from afar with a +0 halberd.
The iguana barely misses you.
You shoot an arrow. The arrow barely misses the iguana.
The gnoll barely misses you. The iguana closely misses you.
You shoot an arrow. The arrow hits the iguana!
The iguana is severely wounded.
The gnoll misses you. The iguana closely misses you.
You shoot an arrow.
The arrow hits the iguana but does no damage.
The iguana is severely wounded.
The gnoll hits you from afar with a +0 halberd!
The iguana bites you!
You shoot an arrow. The arrow hits the iguana.
The iguana is almost dead.
Your attacks no longer feel as feeble.
The gnoll misses you.
The iguana bites you but does no damage.
You shoot an arrow.
The arrow hits the iguana but does no damage.
The iguana is almost dead.
The gnoll hits you but does no damage.
The iguana bites you but does no damage.
You shoot an arrow. The arrow hits the iguana.
The iguana is almost dead.
The gnoll hits you from afar with a +0 halberd.
The iguana misses you. The gnoll closely misses you.
You shoot an arrow. The arrow hits the iguana.
The iguana is almost dead.
The iguana bites you. The gnoll hits you but does no damage.
You shoot an arrow. The arrow hits the iguana!
You kill the iguana!
The gnoll hits you from afar with a +0 halberd.
You die...

#.# #.# . ?.# ..
#.# #. #.# #.
#.#
.##..##.######.#
.......<.@.....#
###..##g########
# #.# #g#


#gg #g## #5# ... #.. You could see a gnoll (swift).

Vanquished Creatures
  A black bear (D:3)
  A scorpion (D:3)
  An orc priest (D:4)
  2 hounds (D:4)
  An iguana (D:5)
  A gnoll bouda (D:5)
  Natasha (thrice) (D:4)
  An orc wizard (D:4)
  Robin (D:2)
  4 gnolls
  12 adders
  4 worms
  4 dart slugs
  5 orcs
  5 endoplasms
  4 giant cockroaches
  15 goblins
  A hobgoblin (D:1)
  6 jackals
  2 quokkas
  7 ball pythons
  4 bats
  18 frilled lizards
  6 kobolds
  7 rats
116 creatures vanquished.

Notes
Turn   | Place    | Note
-------+----------+-------------------------------------------
     0 | D:1      | qw the Gargoyle Hunter began the quest for the Orb.
     0 | D:1      | Reached XP level 1. HP: 12/12 MP: 1/1
     0 | D:1      | 0 ||| qw: Version: 0.3-a-74-g0d5e918
     0 | D:1      | 0 ||| qw: Game counter: 122
     0 | D:1      | 0 ||| qw: Melee chars always use a shield: true
     0 | D:1      | 0 ||| qw: God list: Okawaru
     0 | D:1      | 0 ||| qw: Allow faded altars: false
     0 | D:1      | 0 ||| qw: Do Orc after clearing Dungeon:15 true
     0 | D:1      | 0 ||| qw: Do second Lair branch before Depths: true
     0 | D:1      | 0 ||| qw: Lair rune preference: random
     0 | D:1      | 0 ||| qw: Goals: Normal
     0 | D:1      | 0 ||| PLANNING D:1-11
    80 | D:1      | Reached XP level 2. HP: 17/17 MP: 2/2
   202 | D:1      | Reached XP level 3. HP: 19/21 MP: 3/3
   280 | D:1      | Reached skill level 5 in Ranged Weapons
   581 | D:1      | 581 ||| READING scroll labelled RONTOSMISSOSY.
   595 | D:1      | 595 ||| READING scroll labelled CIENUI NIKK.
   596 | D:1      | 596 ||| READING scroll labelled GAOLUM DE BUL.
   597 | D:1      | 597 ||| READING 3 scrolls labelled ANNAAD BEEFEXO.
   598 | D:1      | 598 ||| READING 2 scrolls of identify.
   598 | D:1      | 598 ||| IDENTIFYING sedimented puce potion
   599 | D:1      | 599 ||| DROPPING scroll of butterflies.
   640 | D:2      | 640 ||| STAIRDANCE
   652 | D:2      | 652 ||| STAIRDANCE
   681 | D:2      | Noticed Robin
   682 | D:2      | 682 ||| STAIRDANCE
   688 | D:1      | Reached skill level 3 in Fighting
   716 | D:2      | 716 ||| STAIRDANCE
   764 | D:2      | 764 ||| STAIRDANCE
   802 | D:2      | Killed Robin
   803 | D:2      | Reached XP level 4. HP: 16/28 MP: 4/4
   803 | D:2      | 803 ||| STAIRDANCE
  1346 | D:2      | 1346 ||| UPGRADING to +0 helmet.
  1351 | D:2      | 1351 ||| UPGRADING to +2 animal skin.
  1361 | D:2      | 1361 ||| DROPPING +0 leather armour.
  1362 | D:2      | 1362 ||| UPGRADING to +0 pair of boots.
  1367 | D:2      | 1367 ||| READING scroll labelled QARUUXKE FUZY.
  1468 | D:2      | 1468 ||| READING scroll labelled EKHOUSUMET.
  1469 | D:2      | 1469 ||| READING 4 scrolls of identify.
  1469 | D:2      | 1469 ||| IDENTIFYING metallic coppery potion
  1470 | D:2      | 1470 ||| DROPPING potion of ambrosia.
  1480 | D:3      | Found a radiant altar of Vehumet.
  1496 | D:3      | 1496 ||| Stepping ~*~*~tactically~*~*~ (outnumbered).
  1614 | D:3      | Reached XP level 5. HP: 32/32 MP: 5/5
  1651 | D:3      | 1651 ||| Stepping ~*~*~tactically~*~*~ (outnumbered).
  1659 | D:3      | Reached skill level 6 in Ranged Weapons
  2023 | D:3      | Reached skill level 1 in Armour
  2169 | D:3      | Reached XP level 6. HP: 27/39 MP: 6/6
  2247 | D:3      | 2247 ||| READING scroll of enchant weapon.
  2247 | D:3      | 2247 ||| ENCHANTING +1 shortbow.
  2352 | D:3      | 2352 ||| READING 2 scrolls labelled ELOMMO IXIGGICYRR.
  2353 | D:3      | 2353 ||| READING scroll labelled YHOOCA LYOSHE.
  2354 | D:3      | 2354 ||| READING 3 scrolls of identify.
  2354 | D:3      | 2354 ||| IDENTIFYING glowing purple potion
  2355 | D:3      | 2355 ||| DROPPING scroll of amnesia.
  2404 | D:4      | Noticed a black bear
  2406 | D:4      | 2406 ||| STAIRDANCE
  2412 | D:4      | 2412 ||| STAIRDANCE
  2417 | D:3      | Killed a black bear
  2465 | D:4      | 2465 ||| STAIRDANCE
  2581 | D:4      | Reached skill level 7 in Ranged Weapons
  2599 | D:4      | Noticed Natasha
  2604 | D:4      | Reached XP level 7. HP: 44/44 MP: 7/7
  2607 | D:4      | Killed Natasha
  2708 | D:4      | 2708 ||| Stepping ~*~*~tactically~*~*~ (outnumbered).
  2709 | D:4      | 2709 ||| Stepping ~*~*~tactically~*~*~ (outnumbered).
  2790 | D:4      | Noticed Natasha
  2796 | D:4      | Killed Natasha
  2855 | D:4      | Noticed Natasha
  2862 | D:4      | Killed Natasha
  3176 | D:4      | 3176 ||| READING scroll labelled BYENKE WOBRELYJ.
  3177 | D:4      | 3177 ||| READING scroll labelled MEMMA KUGH.
  3178 | D:4      | 3178 ||| READING scroll labelled YXTYISTREMA.
  3179 | D:4      | 3179 ||| READING 3 scrolls of identify.
  3179 | D:4      | 3179 ||| IDENTIFYING green potion
  3180 | D:4      | 3180 ||| READING 2 scrolls of identify.
  3180 | D:4      | 3180 ||| IDENTIFYING bubbling purple potion
  3181 | D:4      | 3181 ||| DROPPING potion of degeneration.
  3187 | D:5      | Entered Level 5 of the Dungeon
  3189 | D:5      | 3189 ||| RETREATING.
  3192 | D:5      | 3192 ||| Stepping ~*~*~tactically~*~*~ (retreating).
  3196 | D:5      | 3196 ||| Stepping ~*~*~tactically~*~*~ (retreating).
  3203 | D:5      | 3203 ||| Stepping ~*~*~tactically~*~*~ (retreating).
  3204 | D:5      | 3204 ||| Stepping ~*~*~tactically~*~*~ (retreating).
  3206 | D:5      | HP: 2/44 [iguana (11)]
  3207 | D:5      | 3207 ||| DRINKING potion of heal wounds.
  3213 | D:5      | HP: 2/44 [gnoll/+0 halberd[a gnoll bouda] (2)]
  3215 | D:5      | Slain by a gnoll

Levels and vault maps discovered:
D:1:      minmay_arrival_jagged, layout_basic
D:2:      layout_basic, uniq_robin
D:3:      minmay_bubble_buster, layout_loops_ring,
          mainiacjoe_overflow_cross_hatched, chequers_serial_rivers_small_b,
          minmay_lizard_king
D:4:      layout_basic, minivault_14, columned_hall_lemuel, uniq_natasha
D:5:      black_bear_nest_2, layout_loops_ring, minmay_temple_entry_butterflies,
          uniq_menkaure

Skill      XL: |  1  2  3  4  5  6  7 |
---------------+----------------------+-----
Ranged Weapons | 5 6 7 |  7.7
Fighting       | 3 4 |  4.4
Armour         | 1 |  1.0
Dodging        | 2 |  2.2
Stealth        | |  1.1

Action                     |  1- 3 |  4- 6 |  7- 9 || total
---------------------------+-------+-------+-------++-------
   Fire: Shortbow          |   115 |   168 |    66 ||   349
    Use: Scroll            |     5 |     7 |     5 ||    17
         Potion            |       |       |     1 ||     1
 Armour: Leather armour    |    39 |     1 |       ||    40
         Animal skin       |       |    37 |     8 ||    45
  Dodge: Dodged            |    58 |    55 |    22 ||   135

Table legend:
 A = Non-vault XP
 B = Vault XP
 C = Vault XP percentage of total XP
 D = Non-vault monster count
 E = Vault monster count
 F = Vault count percentage of total count
                 A         B        C        D         E       F
            +---------+---------+-------+---------+---------+-------
      Total |     735 |     207 |  22.0 |      80 |      36 |  31.0
            +---------+---------+-------+---------+---------+-------
        D:1 |      60 |      19 |  24.1 |      30 |      10 |  25.0
        D:2 |      35 |      17 |  32.7 |       8 |       2 |  20.0
        D:3 |     266 |     136 |  33.8 |      23 |      23 |  50.0
        D:4 |     284 |      35 |  11.0 |      16 |       1 |   5.9
        D:5 |      90 |       0 |   0.0 |       3 |       0 |   0.0
            +---------+---------+-------+---------+---------+-------
